 Dungeon Crawl Stone Soup version 0.20.0-15-g7f486f2 (webtiles) character file.

123 sagitran the Slasher (level 4, 0/37 HPs)
             Began as a Demonspawn Chaos Knight on June 11, 2017.
             Succumbed to an adder's poison
             ... on level 3 of the Dungeon.
             The game lasted 00:25:11 (1599 turns).

sagitran the Slasher (Demonspawn Chaos Knight)      Turns: 1599, Time: 00:25:12

Health: 0/37       AC:  6    Str: 13    XL:     4   Next: 79%
Magic:  4/4        EV: 12    Int: 15    God:    Xom [..*...]
Gold:   156        SH:  0    Dex: 17    Spells: 3/3 levels left

rFire    . . .     SeeInvis .   a - +0 falchion (chaos)
rCold    + . .     Gourm    .   (no shield)
rNeg     . . .     Faith    .   b - +2 leather armour
rPois    .         Spirit   .   e - +0 helmet
rElec    .         Reflect  .   (no cloak)
rCorr    .         Harm     .   (no gloves)
MR       +....                  (no boots)
Stlth    +.........             (no amulet)
Regen    0.2/turn               k - +4 ring of dexterity
MPRegen  0.1/turn               (no ring)

@: lethally poisoned (0 -> -11)
A: clever 1, cold resistance 1, magic resistance 1
a: Renounce Religion


You were on level 3 of the Dungeon.
You worshipped Xom.
You were a toy of Xom.
You were not hungry.

You visited 1 branch of the dungeon, and saw 3 of its levels.

You collected 156 gold pieces.

Inventory:

Hand Weapons
 a - a +0 falchion of chaos (weapon)
Armour
 b - a +2 leather armour (worn)
 e - a +0 helmet (worn)
Jewellery
 k - a +4 ring of dexterity (left hand)
Scrolls
 d - 2 scrolls of identify
 h - 2 scrolls of remove curse
 j - a scroll of teleportation
Comestibles
 c - 4 bread rations
 f - a meat ration
 g - 12 chunks of flesh


   Skills:
 + Level 3.7 Fighting
 + Level 4.0 Long Blades
 + Level 2.4 Armour
 + Level 1.5 Dodging
 + Level 0.4 Stealth


You had 3 spell levels left.
You didn't know any spells.

Dungeon Overview and Level Annotations

Branches:
Dungeon (3/15)

Altars:
Uskayaw
Yredelemnul
The Shining One


Innate Abilities, Weirdness & Mutations

Your flesh is cold resistant. (rC+)
Your mind is acute. (Int +2)
You are resistant to hostile enchantments. (MR+)


Message History

The adder poisons you!
You hit the adder but do no damage.
The adder is almost dead.
* * * LOW HITPOINT WARNING * * *
You feel sick.
You kill the adder!
Your Long Blades skill increases to level 4!
You aren't carrying any potions.
Okay, then.
You eat the royal jelly.
That royal jelly was delicious!
* * * LOW HITPOINT WARNING * * *
You feel sick.
* * * LOW HITPOINT WARNING * * *
You feel sick.
Things that are here:
a trident; a scale mail
* * * LOW HITPOINT WARNING * * *
You feel sick.
You die...
Xom bursts into laughter!

#..................
#................##
#.................<
#..........########
#...........#######
###$...............
###..##.....##...###
#...###.....####..#
#†)@###.....# ##.##
#...#.......# #..#
##>##.#...(.######.#
#.# .#.....##...#..
#.............#)...
...##.####.######..
..##. #.# #.. .....
#.# #.. ...# #.#
##..


There were no monsters in sight!

Vanquished Creatures
  7 adders
  An ooze (D:3)
  3 worms
  2 orcs (D:3)
  2 bats
  A giant cockroach (D:2)
  4 goblins
  6 hobgoblins
  4 jackals (D:3)
  2 quokkas
  A ball python (D:2)
  3 frilled lizards
  5 kobolds
  5 rats
46 creatures vanquished.

Notes
Turn   | Place    | Note
-------+----------+-------------------------------------------
     0 | D:1      | sagitran the Demonspawn Chaos Knight began the quest for the Orb.
     0 | D:1      | Reached XP level 1. HP: 18/18 MP: 1/1
   154 | D:1      | Found a glowing golden altar of the Shining One.
   160 | D:1      | Reached skill level 1 in Dodging
   160 | D:1      | Gained mutation: Your flesh is cold resistant. (rC+) [demonic ancestry]
   160 | D:1      | Reached XP level 2. HP: 20/24 MP: 2/2
   427 | D:1      | XOM: harmless Necr miscast
   694 | D:2      | XOM: butterfly on damage
   699 | D:2      | Found a hide-covered altar of Uskayaw.
   745 | D:2      | Reached skill level 3 in Long Blades
   754 | D:2      | Reached XP level 3. HP: 9/29 MP: 3/3
   876 | D:2      | XOM: harmless Pois miscast
   918 | D:2      | Gained mutation: You are resistant to hostile enchantments. (MR+) [potion of mutation]
   918 | D:2      | Gained mutation: Your mind is acute. (Int +2) [potion of mutation]
  1233 | D:2      | Reached XP level 4. HP: 29/37 MP: 4/4
  1457 | D:3      | Found a basalt altar of Yredelemnul.
  1595 | D:3      | Reached skill level 4 in Long Blades
  1598 | D:3      | HP: 1/37 [poisoned by an adder]
  1599 | D:3      | Succumbed to an adder's poison

Skill      XL: |  1  2  3  4 |
---------------+-------------+-----
Dodging        | 1 |  1.5
Armour         | 2 |  2.4
Long Blades    | 3 4 |  4.0
Fighting       | |  3.7
Stealth        | |  0.4

Action                   |  1- 3 |  4- 6 || total
-------------------------+-------+-------++-------
Melee: Falchion          |    76 |    57 ||   133
  Use: Scroll            |     6 |     1 ||     7
       Potion            |     6 |     3 ||     9
 Stab: Paralysed         |     2 |       ||     2
       Sleeping          |       |     1 ||     1
  Eat: Chunk             |     1 |     1 ||     2
       Royal jelly       |       |     1 ||     1
Armor: Leather armour    |    16 |    16 ||    32
Dodge: Dodged            |    40 |    37 ||    77
       Rpst.: Falchion   |    11 |     8 ||    19
